 Dungeon Crawl Stone Soup version 0.30-a0-883-g5ad918d77d (webtiles) character file.

Game seed: 5578801168573533360

9016 Jeffwins the Skirmisher (level 11, -3/68 HPs)
             Began as a Human Wanderer on Mar 16, 2023.
             Was a High Priest of Okawaru.
             Succumbed to a killer bee's poison
             ... on level 9 of the Dungeon.
             The game lasted 00:18:55 (9503 turns).

Jeffwins the Skirmisher (Human Wanderer)            Turns: 9503, Time: 00:18:56

Health: -3/68      AC:  4    Str:  9    XL:     11   Next: 66%
Magic:  9/17       EV: 13    Int: 17    God:    Okawaru [*****.]
Gold:   465        SH:  0    Dex: 26    Spells: 6/19 levels left

rFire   + . .      SeeInvis .    a - +3 arbalest of Precise Incision {elec, rF+ Str-2 Dex+4 Stlth+}
rCold   . . .      Faith    .    (shield currently unavailable)
rNeg    . . .      Spirit   .    e - +0 leather armour
rPois   .          Reflect  .    c - +0 helmet
rElec   +          Rampage  .    g - scarf {harm}
rCorr   .          Harm     + .  (no gloves)
Will    .....                    (no boots)
Stlth   ++++                     s - amulet of magic regeneration
HPRegen 0.31/turn                o - ring "Zufremn" {rElec Int+2 Dex+6}
MPRegen 0.55/turn                Y - +4 ring of slaying

@: lethally poisoned (-3 -> -41), very slightly contaminated
A: no striking features
a: Renounce Religion, Heroism, Finesse, Duel


You were on level 9 of the Dungeon.
You worshipped Okawaru.
Okawaru was extremely pleased with you.
You visited 1 branch of the dungeon, and saw 9 of its levels.
You also visited: Sewer and Bailey.

You collected 543 gold pieces.
You spent 78 gold pieces at shops.


   Skills:
 - Level 2.0 Short Blades
 * Level 12.5 Ranged Weapons
 - Level 1.0 Throwing
 - Level 3.0 Dodging
 - Level 5.0 Stealth
 * Level 4.6 Spellcasting
 * Level 5.1 Ice Magic
 + Level 2.2 Air Magic
 + Level 3.0 Poison Magic
 + Level 6.3 Invocations
 + Level 5.7 Evocations


You had 6 spell levels left.
You knew the following spells:

 Your Spells              Type           Power      Damage    Failure   Level
c - Ozocubu's Refrigerat  Ice            10%        4d9       100%        7
o - Olgreb's Toxic Radia  Pois           14%        N/A       52%         4
z - Poisonous Vapours     Pois/Air       24%        N/A       11%         2

Your spell library contained the following spells:

 Spells                   Type           Power      Damage    Failure   Level
 Sting                    Tmut/Pois      36%        1d4       12%         1
 Passage of Golubria      Tloc           3%         N/A       91%         4
 Yara's Violent Unravell  Hex/Tmut       1%         3d3       99%         5
 Enfeeble                 Hex            1%         N/A       100%        7
 Ignition                 Fire           1%         3d3       100%        8
 Tukima's Dance           Hex            Unusable   N/A       N/A         3

Inventory:

Hand Weapons
 a - the +3 arbalest of Precise Incision (weapon) {elec, rF+ Str-2 Dex+4 Stlth+}
   (You acquired it in a bailey)

   Str:       It affects your strength (-2).
   Dex:       It affects your dexterity (+4).
   rF:        It protects you from fire.
   Stlth:     It makes you more stealthy.
 b - a +0 longbow
 t - a +2 sling of draining
Missiles
 h - 43 poisoned darts
 B - 4 throwing nets {=f}
 Q - a curare-tipped dart {=f}
Armour
 c - a +0 helmet (worn)
 e - a +0 leather armour (worn)
 g - a scarf of harm (worn)
 I - a +2 robe of fire resistance
 W - a +2 pair of boots of rampaging
 X - the +3 ring mail of Inviolability {Harm rF- rN+ Stlth+}
   (You found it in a bailey)

   rF:        It makes you vulnerable to fire.
   rN:        It protects you from negative energy.
   Harm:      It increases damage dealt and taken.
   Stlth:     It makes you more stealthy.
Jewellery
 o - the ring "Zufremn" (left hand) {rElec Int+2 Dex+6}
   (You acquired it on level 9 of the Dungeon)

   [ring of dexterity]

   Int:       It affects your intelligence (+2).
   Dex:       It affects your dexterity (+6).
   rElec:     It insulates you from electricity.
 s - an amulet of magic regeneration (around neck)
 E - a +5 ring of evasion
 L - a ring of flight
 N - a ring of positive energy
 O - a +4 ring of protection
 R - a ring of resist corrosion
 Y - a +4 ring of slaying (right hand)
 Z - a ring of wizardry
Wands
 D - a wand of paralysis (12)
 P - a wand of acid (9)
Scrolls
 d - 2 scrolls of blinking
 i - a scroll of fear
 k - 3 scrolls of torment {!r}
 l - 2 scrolls of teleportation {@r4}
 m - 2 scrolls of immolation {!r}
 p - a scroll of poison {!r}
 r - 3 scrolls of amnesia
 v - 5 scrolls of enchant weapon {unknown}
 x - 5 scrolls of fog {unknown}
 A - 5 scrolls of vulnerability {!r}
 C - 3 scrolls of enchant armour {unknown}
 U - a scroll of silence {!r}
Potions
 f - a potion of magic {unknown}
 j - 2 potions of lignification {unknown}
 n - 5 potions of might
 q - a potion of attraction {!q}
 u - 4 potions of curing {unknown}
 w - a potion of brilliance {unknown}
 z - a potion of mutation {unknown}
 F - a potion of berserk rage {unknown}
 J - a potion of cancellation {unknown}
 K - a potion of haste {unknown}
 M - 2 potions of heal wounds {@q2}
 T - 2 potions of ambrosia {unknown}

Dungeon Overview and Level Annotations

Branches:
Dungeon (9/15)             Temple (0/1) D:6           Sewer (visited)
 Bailey (visited)
   Lair: D:8-11         Orc: D:9-12

Altars:
Ashenzari
Dithmenos
Gozag
Hepliaklqana
Makhleb
Nemelex Xobeh
Okawaru
Trog
Wu Jian
Yredelemnul
Zin

Shops:
D:8

[*(( ....#### #...#
.......# ##'#### .......#
#.....# †......#
***#.....# .......#
*,,+.....#
..>....#**,*#.....#
.......+,,,*#.....#
.......#****#.....##
.......# #...@y.#######
###+#### #...yy.......#
*,* ##+#.†.$.....# *,*
*,##.#.#.#..# *,*
*,,#.......## ###+#####
****+#.#.#.#.#
........#***,,,,........#
........+,,*,,,,..#.#.#.#
........#*,+,,,.........#


You could see 3 killer bees.


Message History

The killer bee stings you.
* * * LOW HITPOINT WARNING * * *
The killer bee misses you. The killer bee closely misses you.
You feel sick.
The killer bee stings you but does no damage.
The killer bee stings you.
* * * LOW HITPOINT WARNING * * *
The killer bee completely misses you.
The killer bee stings you but does no damage.
The killer bee barely misses you.
You feel much better.
You feel sick. The killer bee stings you.
* * * LOW HITPOINT WARNING * * *
You are more poisoned.
The killer bee poisons you! The killer bee stings you.
* * * LOW HITPOINT WARNING * * *
You are more poisoned.
The killer bee poisons you! The killer bee stings you.
* * * LOW HITPOINT WARNING * * *
You are more poisoned.
The killer bee poisons you! The killer bee stings you.
* * * LOW HITPOINT WARNING * * *
You are more poisoned.
The killer bee poisons you! The killer bee closely misses you.
The killer bee stings you.
* * * LOW HITPOINT WARNING * * *
Unknown command.
Unknown command.
As you read the scroll of fear, it crumbles to dust.
You assume a fearsome visage.
The killer bee looks frightened! x3
You die...

Skill      XL: |  1  2  3  4  5  6  7  8  9 10 11 |
---------------+----------------------------------+-----
Stealth        | 1 2 3 4 5 |  5.0
Ranged Weapons | 5 6 7 8 9 11 12 | 12.5
Invocations    | 1 4 5 6 |  6.3
Evocations     | 1 4 5 |  5.7
Ice Magic      | 3 5 |  5.1
Spellcasting   | 3 4 |  4.6
Poison Magic   | 1 3 |  3.0
Air Magic      | 2 |  2.2
Short Blades   | |  2.0
Throwing       | |  1.0
Dodging        | |  3.0

Action                     |  1- 3 |  4- 6 |  7- 9 | 10-12 || total
---------------------------+-------+-------+-------+-------++-------
   Fire: Sling             |   106 |   136 |   207 |   234 ||   683
         Arbalest          |       |       |       |    80 ||    80
   Cast: Poisonous Vapours |       |       |       |    33 ||    33
         Olgreb's Toxic Ra |       |       |       |     2 ||     2
  Evoke: Wand              |       |       |     5 |     1 ||     6
    Use: Scroll            |       |     3 |     6 |     7 ||    16
         Potion            |       |     3 |     1 |     3 ||     7
 Armour: Leather armour    |    15 |    20 |    26 |    20 ||    81
  Dodge: Dodged            |    38 |    39 |    53 |    86 ||   216

Levels and vault maps discovered:
D:1:      dpeg_arrival_radiant, layout_loops_ring,
          shapermc_ecumenical_altar_mp_highgroup, kennysheep_doodads
D:2:      layout_loops_ring
D:3:      layout_loops_ring, gup_sewer_entry_glass, st_stairs_6,
          nicolae_wormholes
D:4:      layout_loops_ring, grunt_temple_overflow_opulence,
          minmay_tree_intersection, uniq_duvessa, uniq_sigmund, uniq_eustachio
D:5:      layout_loops_corners, grunt_temple_overflow_bloody_war, minitemple,
          uniq_ijyb, uniq_menkaure
D:6:      layout_loops_ring, minmay_temple_entry_gardened_gates
D:7:      layout_basic, mainiacjoe_overflow_divided_tiny
D:8:      layout_loops_ring, grunt_dithmenos_smoke_and_mirrors, serial_shops,
          shop, shop, nicolae_square_shop, nicolae_shop_behind_doors
D:9:      layout_roguey, serial_glass, glass_columns_a, glass_columns_b,
          lightli_bailey_entry_fortress, reono_crystal_passage

Notes
Turn   | Place    | Note
-------+----------+-------------------------------------------
     0 | D:1      | Jeffwins the Human Wanderer began the quest for the Orb.
     0 | D:1      | Jeffwins set off with the following items: a +2 sling, a +0
                  | short sword, a +0 helmet, a scroll of blinking, a +0
                  | leather armour.
     0 | D:1      | Reached XP level 1. HP: 13/13 MP: 1/1
   179 | D:1      | Reached XP level 2. HP: 17/19 MP: 2/2
   243 | D:1      | Reached skill level 1 in Stealth
   741 | D:1      | Found a faded altar of an unknown god.
   747 | D:1      | Reached XP level 3. HP: 24/24 MP: 3/3
  1294 | D:2      | Reached XP level 4. HP: 30/30 MP: 4/4
  1297 | D:2      | Reached skill level 5 in Ranged Weapons
  1299 | D:2      | Reached skill level 2 in Stealth
  1611 | D:3      | Found a glowing drain.
  1640 | D:3      | Reached XP level 5. HP: 9/35 MP: 5/5
  1641 | D:3      | HP: 3/35 [adder (1)]
  1764 | Sewer    | Entered a sewer
  2232 | D:3      | Reached skill level 3 in Stealth
  2243 | D:3      | Reached skill level 6 in Ranged Weapons
  2591 | D:4      | Reached XP level 6. HP: 41/41 MP: 6/6
  2600 | D:4      | Noticed a black bear
  2607 | D:4      | Killed a black bear
  2807 | D:4      | Noticed Sigmund
  2813 | D:4      | Killed Sigmund
  2814 | D:4      | Reached skill level 7 in Ranged Weapons
  2814 | D:4      | Reached skill level 4 in Stealth
  2814 | D:4      | Reached XP level 7. HP: 40/46 MP: 7/7
  2923 | D:4      | Found a sparkling altar of Nemelex Xobeh.
  2923 | D:4      | Found an opulent altar of Gozag.
  2958 | D:4      | Noticed Dowan
  2959 | D:4      | Noticed Duvessa
  2970 | D:4      | Killed Dowan
  3057 | D:4      | Noticed Eustachio
  3099 | D:4      | Killed Eustachio
  3100 | D:4      | Reached skill level 8 in Ranged Weapons
  3100 | D:4      | Reached skill level 5 in Stealth
  3100 | D:4      | Reached XP level 8. HP: 45/52 MP: 8/8
  3174 | D:4      | HP: 3/52 [Duvessa/+0 short sword (6)]
  3175 | D:4      | Killed Duvessa
  3648 | D:5      | Entered Level 5 of the Dungeon
  3799 | D:5      | Reached skill level 9 in Ranged Weapons
  3950 | D:5      | Found a bloodstained altar of Trog.
  3950 | D:5      | Found an iron altar of Okawaru.
  3963 | D:5      | Became a worshipper of Warmaster Okawaru
  3994 | D:5      | Noticed Ijyb
  4003 | D:5      | Killed Ijyb
  4143 | D:5      | Reached skill level 1 in Invocations
  4143 | D:5      | Reached skill level 1 in Evocations
  4264 | D:5      | Reached XP level 9. HP: 57/57 MP: 10/10
  4431 | D:5      | Noticed Menkaure
  4436 | D:5      | Killed Menkaure
  4436 | D:5      | Reached * piety under Okawaru
  4437 | D:5      | Reached skill level 10 in Ranged Weapons
  4437 | D:5      | Reached skill level 2 in Invocations
  4437 | D:5      | Reached skill level 2 in Evocations
  4476 | D:5      | Found a basalt altar of Yredelemnul.
  4480 | D:5      | Found an ornate altar of the Wu Jian Council.
  4483 | D:5      | Found a hazy altar of Hepliaklqana.
  4485 | D:5      | Found a burning altar of Makhleb.
  4770 | D:6      | Reached skill level 3 in Invocations
  4990 | D:6      | Reached skill level 3 in Evocations
  5251 | D:6      | Found a staircase to the Ecumenical Temple.
  5296 | D:6      | Reached ** piety under Okawaru
  5297 | D:6      | Reached skill level 4 in Invocations
  5628 | D:7      | Noticed a two-headed ogre
  5641 | D:7      | Killed a two-headed ogre
  5642 | D:7      | Reached skill level 11 in Ranged Weapons
  5642 | D:7      | Reached skill level 4 in Evocations
  5642 | D:7      | Reached XP level 10. HP: 15/63 MP: 13/13
  5834 | D:7      | Learned a level 7 spell: Ozocubu's Refrigeration
  5844 | D:7      | Identified a +1 robe of the Archmagi
  5860 | D:7      | Reached skill level 1 in Ice Magic
  5865 | D:7      | Reached skill level 1 in Spellcasting
  5872 | D:7      | Reached skill level 5 in Invocations
  6000 | D:7      | Reached *** piety under Okawaru
  6125 | D:7      | Reached skill level 2 in Ice Magic
  6325 | D:7      | Found a glowing silver altar of Zin.
  6325 | D:7      | Found a broken altar of Ashenzari.
  6520 | D:7      | Reached skill level 2 in Spellcasting
  6533 | D:7      | Learned a level 4 spell: Olgreb's Toxic Radiance
  7202 | D:8      | Found Rauzua's Weapon Emporium.
  7218 | D:8      | Found a shadowy altar of Dithmenos.
  7259 | D:8      | Found Taogrif's Antique Armour Shoppe.
  7476 | D:8      | Reached skill level 1 in Poison Magic
  7537 | D:8      | Reached skill level 3 in Ice Magic
  7539 | D:8      | Reached **** piety under Okawaru
  7540 | D:8      | Reached skill level 5 in Evocations
  7629 | D:8      | Found Vecked's General Store.
  7639 | D:8      | Reached skill level 3 in Spellcasting
  7642 | D:8      | Bought a scroll of vulnerability for 52 gold pieces
  7642 | D:8      | Bought a scroll of identify for 26 gold pieces
  7766 | D:8      | Found Wimajuciqa's Antique Weapon Shop.
  8021 | D:9      | Learned a level 2 spell: Poisonous Vapours
  8039 | D:9      | Found a flagged portal.
  8051 | Bailey   | Entered a bailey
  8192 | Bailey   | Noticed an orc knight
  8226 | Bailey   | Killed an orc knight
  8226 | Bailey   | Reached ***** piety under Okawaru
  8227 | Bailey   | Reached skill level 12 in Ranged Weapons
  8227 | Bailey   | Reached XP level 11. HP: 68/68 MP: 4/16
  8257 | Bailey   | Noticed an orc knight
  8352 | Bailey   | Killed an orc knight
  8353 | Bailey   | Reached skill level 4 in Ice Magic
  8353 | Bailey   | Reached skill level 1 in Air Magic
  8353 | Bailey   | Reached skill level 2 in Poison Magic
  8448 | Bailey   | Acquired the +3 arbalest of Precise Incision {elec, rF+
                  | Str-2 Dex+4 Stlth+}
  8524 | Bailey   | Noticed an orc knight
  8560 | Bailey   | Killed an orc knight
  8639 | Bailey   | Reached skill level 4 in Spellcasting
  8639 | Bailey   | Reached skill level 6 in Invocations
  8762 | Bailey   | Found an iron altar of Okawaru.
  8771 | Bailey   | Noticed an orc high priest
  8950 | Bailey   | Identified the +3 ring mail of Inviolability {Harm rF- rN+
                  | Stlth+}
  9041 | Bailey   | Killed an orc high priest
  9042 | Bailey   | Reached skill level 2 in Air Magic
  9059 | D:9      | Acquired the ring "Zufremn" {rElec Int+2 Dex+6}
  9133 | D:9      | Received a gift from Okawaru
  9154 | D:9      | Reached skill level 5 in Ice Magic
  9161 | D:9      | HP: 6/68 [killer bee (7)]
  9497 | D:9      | Reached skill level 3 in Poison Magic
  9503 | D:9      | Succumbed to a killer bee's poison

Vanquished Creatures
  A two-headed ogre (D:7)
  An orc high priest (Bailey)
  3 orc knights (Bailey)
  A kobold demonologist (Bailey)
  A hornet (D:8)
  A shadow (D:9)
  Sigmund (D:4)
  Eustachio (D:4)
  Menkaure (D:5)
  Duvessa (D:4)
  2 water moccasins
  10 orc warriors
  2 ice beasts
  An ogre (D:6)
  2 black bears
  2 centaurs
  5 bullfrogs
  4 kobold brigands
  A gnoll sergeant (D:7)
  6 scorpions
  12 wights
  Dowan (D:4)
  19 killer bees
  3 electric eels (Bailey)
  A howler monkey (D:5)
  4 orc priests
  6 hounds
  4 iguanas
  Ijyb (D:5)
  6 orc wizards
  A hell rat (Sewer)
  18 gnolls
  8 adders
  2 river rats (Sewer)
  A shadow imp (D:7)
  3 white imps
  2 ufetubi
  7 worms
  6 dart slugs
  29 orcs
  9 bats
  5 endoplasms
  5 giant cockroaches
  6 hobgoblins
  3 jackals (D:3)
  A quokka (D:4)
  8 ball pythons
  5 frilled lizards (D:2)
  15 goblins
  25 kobolds
  6 rats
269 creatures vanquished.

Vanquished Creatures (others)
  6 plants (D:6)
6 creatures vanquished.

Grand Total: 275 creatures vanquished

Table legend: (Time is in decaauts)
 A = Elapsed time spent in this place.
 B = Non-inter-level travel time spent in this place.
 C = Inter-level travel time spent in this place.
 D = Time resting spent in this place.
 E = Time spent auto-exploring this place.
 F = Levels seen in this place.
 G = Mean time per level.
                   A        B        C        D        E       F      G
               +--------+--------+--------+--------+--------+-----+--------+
         Total |   9553 |   9322 |    231 |    590 |   6848 |  11 |  868.5 |
       Dungeon |   8359 |   8128 |    231 |    300 |   6422 |   9 |  928.8 |
         Sewer |    183 |    183 |      0 |      0 |    127 |   1 |  183.0 |
        Bailey |   1010 |   1010 |      0 |    290 |    298 |   1 | 1010.0 |
               +--------+--------+--------+--------+--------+-----+--------+

Top non-repeatable levels by time:
     D:7: 1488 daAuts
     D:4: 1072 daAuts
     D:5: 1071 daAuts
  Bailey: 1010 daAuts
     D:6: 936 daAuts
     D:1: 901 daAuts
     D:3: 813 daAuts
     D:8: 802 daAuts
     D:2: 734 daAuts
     D:9: 539 daAuts
   Sewer: 183 daAuts

Table legend:
 A = Non-vault XP
 B = Vault XP
 C = Vault XP percentage of total XP
 D = Non-vault monster count
 E = Vault monster count
 F = Vault count percentage of total count
                 A         B        C        D         E       F
            +---------+---------+-------+---------+---------+-------
      Total |    7487 |    5394 |  41.9 |     201 |      68 |  25.3
            +---------+---------+-------+---------+---------+-------
        D:1 |      32 |       0 |   0.0 |      19 |       0 |   0.0
        D:2 |     103 |       0 |   0.0 |      31 |       0 |   0.0
        D:3 |      14 |      57 |  80.3 |       6 |      10 |  62.5
        D:4 |     416 |     636 |  60.5 |      19 |       4 |  17.4
        D:5 |     683 |     221 |  24.4 |      19 |       3 |  13.6
        D:6 |    1252 |       0 |   0.0 |      29 |       0 |   0.0
        D:7 |    2245 |       0 |   0.0 |      35 |       0 |   0.0
        D:8 |    1352 |       0 |   0.0 |      23 |       0 |   0.0
        D:9 |    1390 |      87 |   5.9 |      20 |      12 |  37.5
      Sewer |       0 |      61 | 100.0 |       0 |       5 | 100.0
     Bailey |       0 |    4332 | 100.0 |       0 |      34 | 100.0
            +---------+---------+-------+---------+---------+-------
